 Dungeon Crawl Stone Soup version 0.17.0-23-g0de4337 (webtiles) character file.

866 radek the Digger (level 8, 0/41 HPs)
             Began as a Gargoyle Earth Elementalist on Nov 14, 2015.
             Splashed by a jelly's acid (4 damage)
             ... on level 5 of the Dungeon.
             The game lasted 00:33:53 (7853 turns).

radek the Digger (Gargoyle Earth Elementalist)      Turns: 7853, Time: 00:33:54

Health: 0/41       AC:  8    Str: 12    XL:     8   Next: 3%
Magic:  14/14      EV: 12    Int: 18    God:
Gold:   123        SH:  0    Dex: 10    Spells: 3 memorised, 7 levels left

rFire  + . .     SeeInvis .     x - staff of wizardry
rCold  . . .     Clarity  .     a - +0 robe
rNeg   + + .     SustAt   .     (no shield)
rPois  ∞         Gourm    .     i - +0 helmet
rElec  +         Spirit   .     (no cloak)
rCorr  .         Warding  .     (no gloves)
rMut   .         Stasis   .     (no boots)
MR     .....                    (no amulet)
Stlth  ++........               p - ring of protection from fire
                                y - ring of positive energy

@: not resistant to hostile enchantments, unstealthy
A: negative energy resistance 1, electricity resistance, unbreathing,
petrification resistance, rot immunity, AC +5
a: no special abilities


You were on level 5 of the Dungeon.
You were not hungry.

You visited 1 branch of the dungeon, and saw 5 of its levels.

You collected 123 gold pieces.

Inventory:

Hand Weapons
 e - a +0 club
 k - a +0 whip
 t - a +0 dagger
 z - a +0 dagger of venom
Missiles
 b - 115 stones (quivered)
Armour
 a - a +0 robe (worn)
 i - a +0 helmet (worn)
 o - a +2 shield
Magical Staves
 x - an uncursed staff of wizardry (weapon)
Jewellery
 p - a ring of protection from fire (right hand)
 r - an uncursed ring of fire
 y - a ring of positive energy (left hand)
 A - an uncursed ring of poison resistance
 F - a cursed ring of teleportation {unknown}
 H - a cursed -2 ring of strength
Wands
 f - a wand of magic darts (32)
 I - a wand of random effects (17)
Scrolls
 h - 3 scrolls of remove curse
 m - a scroll of teleportation {unknown}
 n - 2 scrolls of amnesia {unknown}
 v - a scroll of fog {unknown}
 B - 2 scrolls of identify {unknown}
 D - a scroll of immolation {unknown}
 E - 2 scrolls of recharging {unknown}
Potions
 q - a potion of invisibility {unknown}
 s - a potion of heal wounds {unknown}
 u - 3 potions of curing {unknown}
 w - a potion of degeneration {unknown}
 C - a potion of haste {unknown}
Books
 c - a book of Geomancy

   Spells                             Type                      Level
   a - Sandblast                      Earth                        1
   b - Stoneskin                      Transmutation/Earth          2
   c - Passwall                       Transmutation/Earth          3
   d - Stone Arrow                    Conjuration/Earth            3
   e - Petrify                        Transmutation/Earth          4
   f - Lee's Rapid Deconstruction     Earth                        5
Comestibles
 d - 2 bread rations
 g - 2 meat rations
 j - 2 slices of pizza
 l - a beef jerky
 G - 4 chunks of flesh


   Skills:
 + Level 0.0 Fighting
 + Level 1.5 Dodging
 - Level 2.1 Stealth
 * Level 4.5 Spellcasting
 * Level 4.9 Conjurations
   Level 0.7 Transmutations
 + Level 7.9 Earth Magic


You had 7 spell levels left.
You knew the following spells:

 Your Spells              Type           Power        Failure   Level  Hunger
a - Sandblast             Erth           ####..       1%          1    None
b - Stone Arrow           Conj/Erth      ####..       1%          3    ###....
c - Lee's Rapid Deconstr  Erth           ####......   7%          5    ######.


Dungeon Overview and Level Annotations

Branches:
Dungeon (5/15)
 Temple: D:4-7

Altars:
Ru
Yredelemnul


Innate Abilities, Weirdness & Mutations

You are resistant to torment.
Your stone body is resilient (AC +5).
You are immune to poison.
You resist negative energy.
You are resistant to electric shocks.
You can survive without breathing.
You are immune to petrification.
You are immune to rotting.


Message History

G - 4 chunks of flesh (gained 2)
The jelly quivers.
The jelly jiggles.
The jelly hits you but does no damage.
You hit the jelly.
Your hands burn!
The jelly is moderately wounded.
The jelly barely misses you.
You hit the jelly but do no damage.
Your hands burn!
The jelly is moderately wounded.
The jelly misses you.
You hit the jelly.
Your hands burn!
The jelly is heavily wounded.
The jelly barely misses you.
You hit the jelly.
Your hands burn!
The jelly is severely wounded.
The jelly hits you.
You are splashed with acid!
The acid burns!
The jelly hits you.
You are splashed with acid!
The acid burns!
* * * LOW HITPOINT WARNING * * *
You hit the jelly.
Your hands burn!
You die...

# .#
########..#
#......YJ..
#####........>.
...............
#.# #J# #@###
#.#.# #.#.###
#..<..# #######


You could see a jelly.

Vanquished Creatures
  2 ogres (D:4)
  A phantom (D:4)
  A sky beast (D:3)
  A giant frog skeleton (D:4)
  3 orc priests
  Ijyb (D:3)
  2 orc wizards (D:3)
  2 worker ants
  13 adders
  3 oozes (D:2)
  An adder skeleton (D:4)
  4 worms
  6 giant geckos
  19 orcs
  9 goblins
  16 hobgoblins
  7 jackals
  9 kobolds
  4 quokkas
  3 bats
  8 giant cockroaches
  2 giant newts (D:1)
  11 rats
128 creatures vanquished.

Notes
Turn   | Place    | Note
--------------------------------------------------------------
     0 | D:1      | radek the Gargoyle Earth Elementalist began the quest for the Orb.
     0 | D:1      | Reached XP level 1. HP: 10/10 MP: 3/3
   126 | D:1      | Reached skill level 4 in Earth Magic
   369 | D:1      | Reached XP level 2. HP: 13/15 MP: 5/5
   999 | D:1      | Reached XP level 3. HP: 19/19 MP: 6/6
  1056 | D:1      | Learned a level 3 spell: Stone Arrow
  1587 | D:2      | Reached skill level 1 in Conjurations
  2069 | D:2      | Reached XP level 4. HP: 20/24 MP: 8/8
  2746 | D:2      | Found a sacrificial altar of Ru.
  2840 | D:2      | Found a basalt altar of Yredelemnul.
  3193 | D:2      | Reached XP level 5. HP: 7/28 MP: 0/9
  3432 | D:2      | Learned a level 5 spell: Lee's Rapid Deconstruction
  3687 | D:3      | Noticed a sky beast
  3690 | D:3      | Killed a sky beast
  3690 | D:3      | Reached skill level 5 in Earth Magic
  3806 | D:3      | Reached XP level 6. HP: 16/32 MP: 11/11
  5298 | D:3      | Reached skill level 6 in Earth Magic
  5417 | D:3      | Noticed Ijyb
  5423 | D:3      | Killed Ijyb
  6045 | D:3      | Reached XP level 7. HP: 14/36 MP: 1/12
  6722 | D:4      | Reached skill level 7 in Earth Magic
  7601 | D:4      | Reached XP level 8. HP: 37/41 MP: 3/14
  7791 | D:5      | Entered Level 5 of the Dungeon
  7853 | D:5      | Splashed by a jelly's acid

Action                   |  1- 3 |  4- 6 |  7- 9 || total
-------------------------+-------+-------+-------++-------
Melee: Unarmed           |    16 |       |       ||    16
       Club              |    50 |       |       ||    50
       Whip              |   117 |    27 |       ||   144
       Staff             |       |   361 |   141 ||   502
Throw: Stone             |       |     1 |       ||     1
 Cast: Sandblast         |    11 |    15 |    12 ||    38
       Stone Arrow       |       |    24 |    12 ||    36
       Lee's Rapid Decon |       |       |     3 ||     3
  Use: Scroll            |       |     1 |       ||     1
 Stab: Sleeping          |     5 |     2 |     1 ||     8
  Eat: Chunk             |     4 |     9 |     6 ||    19
       Bread ration      |       |     2 |       ||     2
